 Dungeon Crawl Stone Soup version 0.28-a0-1002-gf00fe891ef (webtiles) character file.

Game seed: 4627294829195406219

163 Umoon the Ducker (level 5, 39/41 HPs)
             Began as a Demonspawn Gladiator on Dec 6, 2021.
             Was an Initiate of Ru.
             Quit the game on level 4 of the Dungeon.
             The game lasted 00:03:18 (3309 turns).

Umoon the Ducker (Demonspawn Gladiator)             Turns: 3309, Time: 00:03:19

Health: 39/41      AC:  6    Str: 17    XL:     5   Next: 20%
Magic:  5/5        EV: 11    Int:  9    God:    Ru [......]
Gold:   199        SH:  0    Dex: 16    Spells: 4/4 levels left

rFire   . . .      SeeInvis .     - Unarmed
rCold   . . .      Faith    .   (no shield)
rNeg    . . .      Spirit   .   g - +0 scale mail
rPois   .          Reflect  .   (helmet restricted)
rElec   .          Harm     .   (no cloak)
rCorr   .          Rampage  .   (no gloves)
Will    .....                   (no boots)
Stlth   +.........              i - amulet of regeneration
HPRegen 0.93/turn               (no ring)
MPRegen 0.18/turn               (no ring)

@: no status effects
A: horns 1, thin skeletal structure 1, magic regeneration
a: Renounce Religion


You were on level 4 of the Dungeon.
You worshipped Ru.
Ru was noncommittal.
You visited 1 branch of the dungeon, and saw 4 of its levels.

You collected 199 gold pieces.

Inventory:

Missiles
 c - 3 throwing nets (quivered)
Armour
 a - a +0 leather armour
 b - a +0 helmet
 g - a +0 scale mail (worn)
Jewellery
 i - an amulet of regeneration (around neck)
 n - a ring of positive energy
Wands
 r - a wand of polymorph (11)
Scrolls
 d - a scroll of magic mapping {unknown}
 e - 7 scrolls of identify {unknown}
 f - a scroll of fog {unknown}
 h - a scroll of vulnerability {unknown}
 j - 2 scrolls of teleportation {unknown}
 p - a scroll of acquirement {unknown}
 q - a scroll of holy word {unknown}
Potions
 k - a potion of mutation {unknown}
 l - a potion of curing {unknown}
 m - 2 potions of brilliance {unknown}
 o - a potion of berserk rage {unknown}


   Skills:
 + Level 3.3 Fighting
 - Level 1.7 Throwing
 + Level 2.2 Armour
 + Level 3.7 Dodging
 - Level 3.1 Unarmed Combat


You had 4 spell levels left.
You didn't know any spells.
Your spell library contained the following spells:

 Spells                   Type           Power      Damage    Failure   Level
 Summon Small Mammal      Summ           0%         N/A       80%         1
 Call Canine Familiar     Summ           0%         N/A       99%         3
 Summon Guardian Golem    Hex/Summ       0%         N/A       99%         3


Dungeon Overview and Level Annotations

Branches:
Dungeon (4/15)
 Temple: D:4-7

Altars:
Ru


Innate Abilities, Weirdness & Mutations

You have a pair of small horns on your head.
You have a somewhat thin skeletal structure. (Dex +2, Stealth+)
You regenerate magic rapidly.


Message History

No target in view!
No target in view!
No target in view!
No target in view!
No target in view!
No target in view!
No target in view!
No target in view!
No target in view!
No target in view!
No target in view!
No target in view!
No target in view!
No target in view!
Found a runed leather armour.
You see here a +2 leather armour of fire resistance.
You open the door.
There is an open door here.
r - a wand of polymorph (11)
You open the door.
There is an open door here.
You now have 199 gold pieces (gained 7).
A bullfrog skeleton comes into view.
The bullfrog skeleton hits you but does no damage.
You hit the bullfrog skeleton. You headbutt the bullfrog skeleton.
The bullfrog skeleton is lightly damaged.
The bullfrog skeleton barely misses you.
You hit the bullfrog skeleton. You headbutt the bullfrog skeleton.
The bullfrog skeleton is moderately damaged.
The bullfrog skeleton hits you.
You punch the bullfrog skeleton! You headbutt the bullfrog skeleton!
The bullfrog skeleton is severely damaged.
The bullfrog skeleton hits you.
You punch the bullfrog skeleton!
You destroy the bullfrog skeleton!
You have reached level 5!
Your demonic ancestry asserts itself...
Your bones become slightly less dense.
Search for what [? for help]? .
Are you sure you want to abandon this character and quit the game? (Confirm with "yes".)

### ?.# #.# #.#
#.# #.# #.#
#####.### #.#
#.......#####.##
#.#........#...##
#@#.#.##......#.#
#.#.#...........#
....####.##.#####
.....# #.##.#
..#.... ..##.#
#..###.#######'##
... #.# ##...##
##. .# ##.....##
##.......##


There were no monsters in sight!

Vanquished Creatures
  A bullfrog skeleton (D:4)
  An iguana (D:4)
  Robin (D:3)
  An adder (D:3)
  An adder skeleton (D:4)
  5 worms
  2 dart slugs
  3 endoplasms
  4 giant cockroaches
  13 goblins
  7 hobgoblins
  6 kobolds
  3 quokkas
  4 ball pythons
  4 bats
  4 frilled lizards
  8 rats
68 creatures vanquished.

Notes
Turn   | Place    | Note
-------+----------+-------------------------------------------
     0 | D:1      | Umoon the Demonspawn Gladiator began the quest for the Orb.
     0 | D:1      | Reached XP level 1. HP: 16/16 MP: 1/1
   319 | D:1      | Gained mutation: You regenerate magic rapidly. [demonic
                  | ancestry]
   319 | D:1      | Reached XP level 2. HP: 22/22 MP: 2/2
   691 | D:1      | Reached skill level 1 in Armour
  1252 | D:2      | Gained mutation: You have a pair of small horns on your
                  | head. [demonic ancestry]
  1252 | D:2      | Reached XP level 3. HP: 23/28 MP: 3/3
  2463 | D:3      | Noticed Robin
  2491 | D:3      | Reached XP level 4. HP: 27/34 MP: 4/4
  2509 | D:3      | Killed Robin
  2676 | D:3      | Found a sacrificial altar of Ru.
  2762 | D:3      | Became a worshipper of Ru the Awakened
  3309 | D:4      | Gained mutation: You have a somewhat thin skeletal
                  | structure. (Dex +2, Stealth+) [demonic ancestry]
  3309 | D:4      | Reached XP level 5. HP: 39/41 MP: 5/5
  3309 | D:4      | Quit the game

Illustrated notes

Levels and vault maps discovered:
D:1:      dpeg_arrival_water_fire, layout_basic, serial_bayou_pond_d
D:2:      layout_loops_ring, nrook_loot_triangle, minmay_door_square
D:3:      layout_loops_cross, nicolae_ru_the_path_less_chosen, feat_on_display,
          uniq_robin
D:4:      layout_loops_corners

Skill      XL: |  1  2  3  4 |
---------------+-------------+-----
Armour         | 1 2 |  2.2
Dodging        | 3 |  3.7
Unarmed Combat | 3 |  3.1
Fighting       | 3 |  3.3
Throwing       | |  1.7

Action                   |  1- 3 |  4- 6 || total
-------------------------+-------+-------++-------
Melee: Unarmed           |   202 |    90 ||   292
       Punch             |     2 |       ||     2
       Headbutt          |    13 |    16 ||    29
Armor: Scale mail        |    78 |    30 ||   108
       Leather armour    |     4 |       ||     4
Dodge: Dodged            |    94 |    40 ||   134

Table legend: (Time is in decaauts)
 A = Elapsed time spent in this place.
 B = Non-inter-level travel time spent in this place.
 C = Inter-level travel time spent in this place.
 D = Time resting spent in this place.
 E = Time spent auto-exploring this place.
 F = Levels seen in this place.
 G = Mean time per level.
                   A        B        C        D        E       F      G
               +--------+--------+--------+--------+--------+-----+--------+
         Total |   3295 |   3201 |     94 |    149 |   2516 |   4 |  823.8 |
       Dungeon |   3295 |   3201 |     94 |    149 |   2516 |   4 |  823.8 |
               +--------+--------+--------+--------+--------+-----+--------+

Top non-repeatable levels by time:
     D:1: 1063 daAuts
     D:2: 982 daAuts
     D:3: 732 daAuts
     D:4: 516 daAuts
